 Dungeon Sprint DCSS version 0.30-a0-40-gc6d0f036a7 (webtiles) character file.

Game seed: 17934285066939770469

25 whirlingsun the Ruffian (level 2, -20/23 HPs)
             Began as a Draconian Transmuter on Aug 30, 2022.
             Demolished by an ogre
             ... wielding a +0 giant club
              (26 damage)
             ... in the Dungeon (Sprint I: "Red Sonja").
             The game lasted 00:06:45 (256 turns).

whirlingsun the Ruffian (Draconian Transmuter)       Turns: 256, Time: 00:06:46

Health: -20/23     AC:  4    Str: 12    XL:     2   Next: 82%
Magic:  5/5        EV: 12    Int: 13    God:
Gold:   0          SH:  0    Dex: 11    Spells: 5/6 levels left

rFire   . . .      SeeInvis .    i - +0 club
rCold   . . .      Faith    .    (no shield)
rNeg    . . .      Spirit   .    (body armour unavailable)
rPois   .          Reflect  .    (helmet restricted)
rElec   .          Harm     .    (no cloak)
rCorr   .          Rampage  .    (no gloves)
Will    .....      NoTele   +    (no boots)
Stlth   +.........               (no amulet)
HPRegen 0.07/turn                (no ring)
MPRegen 0.09/turn                (no ring)

@: no status effects
A: AC +4, unfitting armour, cold-blooded
a: no special abilities


You were in the Dungeon.
You visited 1 branch

Inventory:

Hand Weapons
 i - a +0 club (weapon)
Armour
 j - a +0 leather armour
Wands
 h - a wand of digging (5)
Scrolls
 g - a scroll of blinking
Potions
 a - a potion of lignification
 b - a potion of curing
 c - a potion of heal wounds
 d - a potion of haste
 e - 2 potions of magic
 f - a potion of berserk rage


   Skills:
 + Level 1.2 Fighting
 + Level 2.7 Dodging
 + Level 5.1 Unarmed Combat
 + Level 2.8 Spellcasting
 + Level 2.8 Transmutations


You had 5 spell levels left.
You knew the following spells:

 Your Spells              Type           Power      Damage    Failure   Level
a - Beastly Appendage     Tmut           18%        N/A       8%          1

Your spell library contained the following spells:

 Spells                   Type           Power      Damage    Failure   Level
 Wereblood                Tmut           9%         N/A       11%         2
 Spider Form              Tmut/Pois      5%         N/A       36%         3
 Ice Form                 Ice/Tmut       5%         N/A       78%         4


Dungeon Overview and Level Annotations

Branches:
Dungeon (1/1)

Altars:


Innate Abilities, Weirdness & Mutations

Your plain brown scales are hard. (AC +4)
You cannot fit into any form of body armour.
You are cold-blooded and may be slowed by cold attacks.


Message History

Your Unarmed Combat skill gained 2 levels and is now at level 5!
You have reached level 2!
h - a wand of digging (5)
Things that are here:
a +0 club; a +0 leather armour; the goblin corpse of Ijyb
There is an open door, spattered with blood here.
Things that are here:
a +0 club; a +0 leather armour; the goblin corpse of Ijyb
i - a +0 club
j - a +0 leather armour
There are no objects that can be picked up here. the goblin corpse of Ijyb
There are no objects that can be picked up here. the goblin corpse of Ijyb
i - a +0 club (weapon)
You can't wear that!
Unknown command.
You start resting.
Magic restored.
You start resting.
HP restored.
You open the door.
An ogre comes into view. It is wielding a +0 giant club.
The ogre shouts!
The ogre closely misses you.
There is an open door here.
You hit the ogre.
The ogre is lightly wounded.
The ogre hits you with a +0 giant club!
Ouch! That really hurt!
* * * LOW HITPOINT WARNING * * *
You are too injured to fight recklessly!
An ogre is nearby!
You see here the goblin skeleton of Ijyb.
There is an open door, spattered with blood here.
You barely miss the ogre.
The ogre is lightly wounded.
The ogre hits you with a +0 giant club!!
Ouch! That really hurt!
You die...

##########
#<.#..'..#
#..@O.#..+
#..#####+#
#..# #..#
#..# #⌠⌠#
####


You could see an ogre.

Vanquished Creatures
  Ijyb (D)
1 creature vanquished.

Notes
Turn   | Place    | Note
-------+----------+-------------------------------------------
     0 | D        | whirlingsun the Draconian Transmuter began the quest for
                  | the Orb.
     0 | D        | Reached XP level 1. HP: 16/16 MP: 3/3
    12 | D        | Noticed Ijyb
    27 | D        | Killed Ijyb
    28 | D        | Reached skill level 5 in Unarmed Combat
    28 | D        | Reached XP level 2. HP: 7/23 MP: 3/5
   249 | D        | Noticed an ogre
   256 | D        | Demolished by an ogre

Illustrated notes

Levels and vault maps discovered:
D:        dungeon_sprint_1 [red_sonja_temple_1, red_sonja_temple_small_1]

Skill      XL: |  1 |
---------------+----+-----
Dodging        | 2 |  2.7
Unarmed Combat | 5 |  5.1
Fighting       | |  1.2
Spellcasting   | |  2.8
Transmutations | |  2.8

Action                   || total
-------------------------++-------
Melee: Unarmed           ||    14
       Punch             ||     2
       Club              ||     2
Armor: Skin              ||     2
Dodge: Dodged            ||     8

Table legend: (Time is in decaauts)
 A = Elapsed time spent in this place.
 B = Non-inter-level travel time spent in this place.
 C = Inter-level travel time spent in this place.
 D = Time resting spent in this place.
 E = Time spent auto-exploring this place.
 F = Levels seen in this place.
 G = Mean time per level.
                   A        B        C        D        E       F      G
               +--------+--------+--------+--------+--------+-----+--------+
         Total |    254 |    244 |     10 |    212 |      0 |   1 |  254.0 |
       Dungeon |    254 |    244 |     10 |    212 |      0 |   1 |  254.0 |
               +--------+--------+--------+--------+--------+-----+--------+

Top non-repeatable levels by time:
       D: 254 daAuts
